 Dungeon Crawl Stone Soup version 0.32-a0-30-gefbe487952 (webtiles) character file.

Game seed: 16601404944686579401

233 gruber the Insei (level 6, -4/43 HPs)
             Began as a Merfolk Shapeshifter on Jan 19, 2024.
             Was an Initiate of Gozag.
             Succumbed to a scorpion's poison
             ... on level 4 of the Dungeon.
             The game lasted 00:02:59 (3062 turns).

gruber the Insei (Merfolk Shapeshifter)             Turns: 3062, Time: 00:02:59

Health: -4/43      AC:  2    Str: 14    XL:     6   Next: 4%
Magic:  6/6        EV: 13    Int: 15    God:    Gozag
Gold:   150        SH:  0    Dex: 16    Spells: 5/5 levels left

rFire   . .          .
                       - Unarmed
rCold   . . .        (no shield)
rNeg    . . .        a - +0 animal skin
rPois   .            (helmet currently unavailable)
rElec   .            (cloak currently unavailable)
rCorr   .            (gloves currently unavailable)
SInv    .            (boots currently unavailable)
Will    .....        o - amulet of the acrobat
Stlth   +            p - +6 ring of intelligence
HPRegen 0.27/turn    (no ring)
MPRegen 0.10/turn

%: acrobat
@: lethally poisoned (-4 -> -35), beast-form, attractive
A: beast (slay +2), (nimble swimmer 2), mertail
a: Begin Untransformation, Renounce Religion, Potion Petition, Call Merchant,
Bribe Branch


You were on level 4 of the Dungeon.
You worshipped Gozag.
Gozag was aware of your devotion.
You were a hulking beast.
You visited 2 branches of the dungeon, and saw 5 of its levels.

You collected 220 gold pieces.
You paid 70 gold pieces to Gozag.

Inventory:

Armour
 a - a +0 animal skin (worn)
 v - a +0 pair of boots
Jewellery
 o - an amulet of the acrobat (around neck)
 p - a +6 ring of intelligence (left hand)
Talismans
 c - a beast talisman
 d - a flux talisman
 w - a maw talisman
Scrolls
 e - a scroll of vulnerability {unknown}
 f - 2 scrolls of amnesia {unknown}
 h - 2 scrolls of enchant weapon {unknown}
 i - 4 scrolls of teleportation {unknown}
 l - a scroll of brand weapon {unknown}
 m - a scroll of enchant armour {unknown}
 n - a scroll of noise {unknown}
 q - 4 scrolls of identify {unknown}
 t - 2 scrolls of immolation {unknown}
Potions
 b - a potion of lignification
 g - a potion of berserk rage {unknown}
 j - a potion of heal wounds {unknown}
 k - a potion of haste {unknown}
 r - a potion of degeneration {unknown}
 s - a potion of brilliance {unknown}
 u - a potion of magic {unknown}
 x - a potion of attraction
 z - a potion of curing {unknown}


   Skills:
 - Level 1.1 Fighting
 - Level 2.6 Dodging
 + Level 7.2 Unarmed Combat
 - Level 4.0 Shapeshifting


You had 5 spell levels left.
You didn't know any spells.
Your spell library contained the following spells:

 Spells                   Type           Power      Damage    Failure   Level
 Magic Dart               Conj           0%         1d3       26%         1
 Blink                    Tloc           0%         N/A       38%         2
 Call Imp                 Summ           0%         N/A       38%         2


Dungeon Overview and Level Annotations

Branches:
Dungeon (4/15)             Temple (1/1) D:4

Altars:
Ashenzari
Elyvilon
Fedhas
Gozag
Kikubaaqudgha
Makhleb
Nemelex Xobeh
Okawaru
Ru
Sif Muna
Trog
Vehumet
Wu Jian
Xom
Yredelemnul
Zin

Shops:
D:2 [   D:3 (


Innate Abilities, Weirdness & Mutations

You are a hulking beast.
Your limbs bulge with bestial killing power. (Slay +2)
((You are very nimble when in or above water. (Stealth+, EV+, Speed+++)))
Your lower body shifts to a powerful aquatic tail in water.


Message History

The scorpion stings you but does no damage.
The scorpion completely misses you.
You barely miss the scorpion.
The scorpion is heavily wounded.
The scorpion stings you!
You are poisoned.
The scorpion poisons you!
You hit the scorpion.
The scorpion is severely wounded.
You feel very sick. The scorpion stings you.
You are more poisoned.
The scorpion poisons you!
You hit the scorpion.
The scorpion is almost dead.
You feel very sick. The scorpion stings you.
You are too injured to fight recklessly!
You are too injured to fight recklessly!
You barely miss the scorpion.
The scorpion is almost dead.
You feel very sick. The scorpion stings you.
* * * LOW HITPOINT WARNING * * *
You are more poisoned.
The scorpion poisons you!
You hit the scorpion but do no damage.
You punch the scorpion, but do no damage.
The scorpion is almost dead.
* * * LOW HITPOINT WARNING * * *
You feel very sick. The scorpion stings you.
* * * LOW HITPOINT WARNING * * *
You are more poisoned.
The scorpion poisons you!
Unknown command.
It was a potion of attraction.
You feel attractive to monsters.
You die...
Your body crumbles into a pile of gold.

# ###.### #...# # #
####### #...# .#
####⌠.⌠####.#.####.#.#
...'.>.'....#........#
####⌠.⌠######.####.###
###'### #...####.####
###.### ####........#
#.# #....#....#.. #.#
#...##h..)#
#####.#####...#.s....#
.............##......#
.............#........#
........#....#........#
........#....##......##
##......## #..#......#
#.......# .##....##
##+####.### ..#...


You could see a scorpion.

Vanquished Creatures
  A bombardier beetle (D:4)
  An iguana (D:4)
  5 gnolls
  4 adders
  2 ribbon worms (D:2)
  A dart slug (D:4)
  An orc (D:3)
  14 bats
  10 endoplasms
  2 giant cockroaches
  5 hobgoblins
  8 jackals
  5 quokkas
  3 ball pythons
  3 frilled lizards
  3 goblins
  5 kobolds
  A rat (D:2)
74 creatures vanquished.

Notes
Turn   | Place    | Note
-------+----------+-------------------------------------------
     0 | D:1      | gruber the Merfolk Shapeshifter began the quest for the
                  | Orb.
     0 | D:1      | Reached XP level 1. HP: 15/15 MP: 1/1
    55 | D:1      | Reached skill level 4 in Unarmed Combat
    55 | D:1      | Reached XP level 2. HP: 2/21 MP: 2/2
   233 | D:1      | Reached XP level 3. HP: 26/26 MP: 3/3
  1025 | D:2      | Reached skill level 5 in Unarmed Combat
  1174 | D:2      | Found Nezeiwut's Antique Armour Boutique.
  1395 | D:2      | Reached XP level 4. HP: 14/32 MP: 4/4
  1575 | D:2      | Reached skill level 6 in Unarmed Combat
  1827 | D:3      | Found Ocziot's Weapon Shop.
  2044 | D:3      | Reached XP level 5. HP: 35/37 MP: 5/5
  2129 | D:3      | Identified the +0 glaive of the Keeping Spider {freeze, Fly
                  | Str-5 Stlth+}
  2170 | D:3      | Found a shimmering altar of Xom.
  2910 | D:4      | Reached skill level 7 in Unarmed Combat
  2910 | D:4      | Reached XP level 6. HP: 35/43 MP: 6/6
  2962 | D:4      | Found a staircase to the Ecumenical Temple.
  3015 | Temple   | Entered the Ecumenical Temple
  3022 | Temple   | Became a worshipper of Gozag Ym Sagoz the Greedy
  3062 | D:4      | Succumbed to a scorpion's poison

Illustrated notes

Levels and vault maps discovered:
D:1:      minmay_arrival_wavy_path, layout_basic
D:2:      layout_loops_cross, serial_shops, nicolae_shop_waterfront
D:3:      layout_loops_ring, mainiacjoe_overflow_cross_hatched, serial_shops,
          shop
D:4:      nicolae_cairo_tiling_large, layout_basic, temple_doors_e,
          minmay_misc_feat_cross, minmay_misc_feat_iff
Temple:   nicolae_temple_bog_church

Skill      XL: |  1  2  3  4  5 |
---------------+----------------+-----
Unarmed Combat | 4 5 6 7 |  7.2
Fighting       | |  1.1
Dodging        | |  2.6
Shapeshifting  | |  4.0

Action                     |  1- 3 |  4- 6 || total
---------------------------+-------+-------++-------
  Melee: Unarmed           |   100 |   138 ||   238
         Punch             |     2 |     6 ||     8
    Use: Potion            |       |     1 ||     1
   Stab: Sleeping          |     3 |     1 ||     4
 Armour: Animal skin       |    50 |    44 ||    94
  Dodge: Dodged            |    63 |   105 ||   168

Table legend: (Time is in decaauts)
 A = Elapsed time spent in this place.
 B = Non-inter-level travel time spent in this place.
 C = Inter-level travel time spent in this place.
 D = Time resting spent in this place.
 E = Time spent auto-exploring this place.
 F = Levels seen in this place.
 G = Mean time per level.
                   A        B        C        D        E       F      G
               +--------+--------+--------+--------+--------+-----+--------+
         Total |   3035 |   2838 |    197 |     82 |   2225 |   5 |  607.0 |
       Dungeon |   3021 |   2838 |    183 |     82 |   2225 |   4 |  755.2 |
        Temple |     14 |      1 |     13 |      0 |      0 |   1 |   14.0 |
               +--------+--------+--------+--------+--------+-----+--------+

Top non-repeatable levels by time:
     D:2: 1024 daAuts
     D:1: 835 daAuts
     D:3: 812 daAuts
     D:4: 349 daAuts
  Temple: 14 daAuts
